 Dungeon Crawl Stone Soup version 0.21.1-1-g345015f (webtiles) character file.

884 tidbits the Charmwright (level 8, 0/94 HPs)
             Began as a Gnoll Skald on June 26, 2018.
             Was a Follower of Cheibriados.
             Slain by a bullfrog skeleton (1 damage)
             ... on level 6 of the Dungeon.
             The game lasted 00:11:03 (926 turns).

tidbits the Charmwright (Gnoll Skald)                Turns: 926, Time: 00:11:03

Health: 0/94       AC: 24    Str: 14 (17) XL:     8   Next: 5%
Magic:  16/16      EV:  2    Int: 17 (19) God:    Cheibriados [*.....]
Gold:   182        SH:  0    Dex: 14 (16) Spells: 7/18 levels left

rFire    . . .     SeeInvis .   a - +0 hand axe
rCold    . . .     Gourm    .   (no shield)
rNeg     + + +     Faith    .   (armour currently unavailable)
rPois    +         Spirit   .   (helmet currently unavailable)
rElec    .         Reflect  .   (cloak currently unavailable)
rCorr    .         Harm     .   (gloves currently unavailable)
MR       .....     NoTele   +   (boots currently unavailable)
Stlth    ++........             (no amulet)
HPRegen  0.25/turn              (no ring)
MPRegen  0.15/turn              (no ring)

@: tree-form, singing (expiring), very slow
A: distributed training, strong nose
a: Bend Time, Renounce Religion


You were on level 6 of the Dungeon.
You worshipped Cheibriados.
Cheibriados was aware of your devotion.
You were not hungry.
You were a tree.
You visited 2 branches of the dungeon, and saw 8 of its levels.

You collected 182 gold pieces.

Inventory:

Hand Weapons
 a - a +0 hand axe (weapon)
 h - a +0 dagger
Missiles
 j - 33 arrows
 t - a throwing net (quivered) {!f}
Armour
 b - a +0 leather armour (melded)
Wands
 i - a wand of enslavement (3)
 o - a wand of polymorph (9)
Scrolls
 e - a scroll of enchant weapon {unknown}
 g - a scroll of fear
 k - a scroll of fog {unknown}
 l - 2 scrolls of remove curse {unknown}
 m - a scroll of teleportation
 p - a scroll of blinking {unknown}
 r - a scroll of random uselessness {unknown}
Books
 d - a book of Battle

   Spells                             Type                      Level
   a - Infusion                       Charms                       1
   b - Shroud of Golubria             Charms/Translocation         2
   c - Song of Slaying                Charms                       2
   d - Spectral Weapon                Hexes/Charms                 3
   e - Regeneration                   Charms/Necromancy            3
Comestibles
 c - 5 rations


   Skills:
 + Level 5.4 Fighting
 + Level 2.8 Short Blades
 + Level 2.8 Long Blades
 + Level 5.4 Axes
 + Level 2.8 Maces & Flails
 + Level 2.8 Polearms
 + Level 2.8 Staves
 + Level 2.8 Slings
 + Level 2.8 Bows
 + Level 2.8 Crossbows
 + Level 2.8 Throwing
 + Level 3.9 Armour
 + Level 5.4 Dodging
 + Level 2.8 Stealth
 + Level 2.8 Shields
 + Level 2.8 Unarmed Combat
 + Level 5.8 Spellcasting
 + Level 2.3 Conjurations
 + Level 2.3 Hexes
 + Level 6.0 Charms
 + Level 2.3 Summonings
 + Level 2.3 Necromancy
 + Level 2.3 Translocations
 + Level 2.3 Transmutations
 + Level 2.3 Fire Magic
 + Level 2.3 Ice Magic
 + Level 2.3 Air Magic
 + Level 2.3 Earth Magic
 + Level 2.3 Poison Magic
 + Level 3.1 Invocations
 + Level 2.8 Evocations


You had 7 spell levels left.
You knew the following spells:

 Your Spells              Type           Power        Failure   Level  Hunger
g - Shroud of Golubria    Chrm/Tloc      ###.......   3%          2    #......
i - Infusion              Chrm           ####         1%          1    None
r - Regeneration          Chrm/Necr      ###.......   7%          3    ##.....
w - Spectral Weapon       Hex/Chrm       ###.....     7%          3    ##.....
y - Song of Slaying       Chrm           ####....     1%          2    #......


Dungeon Overview and Level Annotations

Branches:
Dungeon (7/15)             Temple (1/1) D:5

Altars:
Ashenzari
Cheibriados
Dithmenos
Fedhas
Gozag
Kikubaaqudgha
Makhleb
Qazlal
Ru
Trog
Uskayaw
Vehumet
Xom
Yredelemnul

Annotations:
D:6 wojtek's ghost, novice MiFi


Innate Abilities, Weirdness & Mutations

Your experience applies equally to all skills.
((You have very sharp teeth.))
Your uncanny sense of smell can sniff out nearby items.


Message History

You hit your spectral weapon but do no damage.
You completely miss the adder zombie. You miss the gnoll.
You closely miss the bullfrog skeleton.
You hit wojtek's ghost but do no damage.
The adder zombie bites you but does no damage.
The bullfrog skeleton hits you but does no damage.
The gnoll hits you but does no damage.
The gnoll sergeant hits you but does no damage.
Wojtek's ghost completely misses you.
Unknown command.
You hit wojtek's ghost but do no damage.
Wojtek's ghost is lightly damaged.
You miss the adder zombie. You barely miss the gnoll.
You slash the bullfrog skeleton!
You feel less invigorated.
You feel less confused.
Your spectral weapon hits wojtek's ghost but does no damage.
Your spectral weapon completely misses the gnoll sergeant.
The adder zombie bites you but does no damage.
The bullfrog skeleton hits you.
* * * LOW HITPOINT WARNING * * *
The gnoll hits you but does no damage. Wojtek's ghost hits you.
* * * LOW HITPOINT WARNING * * *
The gnoll sergeant hits you but does no damage.
You hit wojtek's ghost.
Wojtek's ghost is lightly damaged.
You hit the adder zombie but do no damage.
You hit the gnoll. You hit the bullfrog skeleton.
Your spectral weapon barely misses wojtek's ghost.
Your spectral weapon hits the gnoll sergeant.
The adder zombie bites you but does no damage.
The bullfrog skeleton hits you but does no damage.
The gnoll barely misses you.
Wojtek's ghost lets out a mournful wail.
Wojtek's ghost hits you.
* * * LOW HITPOINT WARNING * * *
The gnoll sergeant hits you but does no damage.
The adder zombie bites you but does no damage.
It was a potion of degeneration.
There was something very wrong with that liquid.
You feel weakened.
You feel dopey.
You feel clumsy.
The bullfrog skeleton barely misses you.
The bullfrog skeleton hits you but does no damage.
The gnoll hits you.
* * * LOW HITPOINT WARNING * * *
The adder zombie bites you but does no damage.
Wojtek's ghost hits you.
* * * LOW HITPOINT WARNING * * *
You completely miss wojtek's ghost.
Wojtek's ghost is lightly damaged.
You slash the adder zombie!
You destroy the adder zombie!
Cheibriados thoroughly appreciates the change of pace.
You hit the gnoll. You hit the bullfrog skeleton.
Your song is almost over.
Your spectral weapon hits wojtek's ghost but does no damage.
Your spectral weapon hits the gnoll sergeant.
The gnoll sergeant hits you but does no damage.
The bullfrog skeleton hits you but does no damage.
The gnoll hits you but does no damage. Wojtek's ghost hits you!
* * * LOW HITPOINT WARNING * * *
You hit wojtek's ghost.
Wojtek's ghost is moderately damaged.
You hit the gnoll. You hit the bullfrog skeleton.
Your spectral weapon hits wojtek's ghost but does no damage.
Your spectral weapon closely misses the gnoll sergeant.
The bullfrog skeleton hits you.
* * * LOW HITPOINT WARNING * * *
The gnoll sergeant hits you but does no damage.
The gnoll hits you but does no damage.
Wojtek's ghost hits you but does no damage.
You hit wojtek's ghost.
Wojtek's ghost is moderately damaged.
You hit the gnoll but do no damage. You hit the bullfrog skeleton.
Your spectral weapon hits wojtek's ghost.
Your spectral weapon hits the gnoll sergeant but does no damage.
The bullfrog skeleton hits you.
* * * LOW HITPOINT WARNING * * *
The gnoll sergeant hits you but does no damage.
The gnoll hits you but does no damage.
Wojtek's ghost hits you but does no damage.
The bullfrog skeleton hits you but does no damage.
You hit wojtek's ghost but do no damage.
Wojtek's ghost is moderately damaged.
You hit the gnoll.
You kill the gnoll!
Cheibriados appreciates the change of pace.
Your Charms skill increases to level 6!
You hit the bullfrog skeleton.
Your spectral weapon hits wojtek's ghost but does no damage.
Your spectral weapon hits the gnoll sergeant but does no damage.
The gnoll sergeant hits you but does no damage.
The bullfrog skeleton hits you but does no damage.
Wojtek's ghost hits you but does no damage.
You hit wojtek's ghost but do no damage.
You punch wojtek's ghost, but do no damage.
Wojtek's ghost is moderately damaged.
You hit the bullfrog skeleton.
Your spectral weapon fades away.
The bullfrog skeleton hits you.
You die...

...............
........................
........................
........................
........................
........................
.......g................
#....ZW.#######'#######
#....$♣.#....'.....#
#.......#....#.....#
#.......'....#.....#
#.......#....#.....#
#.......############
#########


You could see a gnoll sergeant, wojtek's ghost and a bullfrog skeleton.

Vanquished Creatures
  The ghost of toffzen the Sneak, an amateur SpEn of Dithmenos (D:4)
  Menkaure (D:6)
  An ogre (D:5)
  A phantom (D:5)
  A big kobold (D:7)
  A bullfrog (D:7)
  A crimson imp (D:5)
  A bullfrog zombie (D:6)
  2 orc priests (D:3)
  A worker ant (D:6)
  A worker ant zombie (D:6)
  4 gnolls (D:6)
  4 adders
  An adder zombie (D:6)
  A worm (D:2)
  2 dart slugs (D:1)
  2 leopard geckos
  6 orcs (D:3)
  5 bats
  A giant cockroach (D:5)
  4 goblins
  6 hobgoblins
  6 jackals
  4 quokkas
  2 ball pythons
  3 frilled lizards
  5 kobolds
  6 rats
74 creatures vanquished.

Vanquished Creatures (others)
  A bat (D:2)
  A spectral weapon (D:4)
2 creatures vanquished.

Grand Total: 76 creatures vanquished

Notes
Turn   | Place    | Note
-------+----------+-------------------------------------------
     0 | D:1      | tidbits the Gnoll Skald began the quest for the Orb.
     0 | D:1      | Reached XP level 1. HP: 20/20 MP: 6/6
    50 | D:2      | Found a shimmering altar of Xom.
    71 | D:2      | Found an ancient bone altar of Kikubaaqudgha.
   108 | D:2      | Reached XP level 2. HP: 25/26 MP: 4/7
   114 | D:2      | Learned a level 2 spell: Song of Slaying
   117 | D:2      | Learned a level 2 spell: Shroud of Golubria
   140 | D:2      | Reached XP level 3. HP: 16/31 MP: 2/9
   145 | D:2      | Reached skill level 5 in Spellcasting
   153 | D:2      | Learned a level 3 spell: Regeneration
   157 | D:2      | Learned a level 3 spell: Spectral Weapon
   235 | D:3      | Reached skill level 1 in Invocations
   247 | D:3      | Reached skill level 1 in Short Blades
   247 | D:3      | Reached skill level 1 in Long Blades
   247 | D:3      | Reached skill level 1 in Maces & Flails
   247 | D:3      | Reached skill level 1 in Polearms
   247 | D:3      | Reached skill level 1 in Staves
   247 | D:3      | Reached skill level 1 in Slings
   247 | D:3      | Reached skill level 1 in Bows
   247 | D:3      | Reached skill level 1 in Crossbows
   247 | D:3      | Reached skill level 1 in Throwing
   247 | D:3      | Reached skill level 1 in Stealth
   247 | D:3      | Reached skill level 1 in Shields
   247 | D:3      | Reached skill level 1 in Unarmed Combat
   247 | D:3      | Reached skill level 1 in Evocations
   254 | D:3      | Reached XP level 4. HP: 31/38 MP: 1/11
   299 | D:3      | Reached skill level 1 in Conjurations
   299 | D:3      | Reached skill level 1 in Hexes
   299 | D:3      | Reached skill level 1 in Summonings
   299 | D:3      | Reached skill level 1 in Necromancy
   299 | D:3      | Reached skill level 1 in Translocations
   299 | D:3      | Reached skill level 1 in Transmutations
   299 | D:3      | Reached skill level 1 in Fire Magic
   299 | D:3      | Reached skill level 1 in Ice Magic
   299 | D:3      | Reached skill level 1 in Air Magic
   299 | D:3      | Reached skill level 1 in Earth Magic
   299 | D:3      | Reached skill level 1 in Poison Magic
   305 | D:3      | Reached XP level 5. HP: 22/43 MP: 3/12
   340 | D:4      | Noticed toffzen's ghost (amateur SpEn)
   359 | D:4      | Killed toffzen's ghost
   359 | D:4      | Reached skill level 3 in Armour
   359 | D:4      | Reached skill level 2 in Invocations
   359 | D:4      | Reached XP level 6. HP: 21/50 MP: 5/13
   374 | D:5      | Entered Level 5 of the Dungeon
   550 | D:5      | Reached skill level 5 in Fighting
   550 | D:5      | Reached skill level 2 in Short Blades
   550 | D:5      | Reached skill level 2 in Long Blades
   550 | D:5      | Reached skill level 5 in Axes
   550 | D:5      | Reached skill level 2 in Maces & Flails
   550 | D:5      | Reached skill level 2 in Polearms
   550 | D:5      | Reached skill level 2 in Staves
   550 | D:5      | Reached skill level 2 in Slings
   550 | D:5      | Reached skill level 2 in Bows
   550 | D:5      | Reached skill level 2 in Crossbows
   550 | D:5      | Reached skill level 2 in Throwing
   550 | D:5      | Reached skill level 5 in Dodging
   550 | D:5      | Reached skill level 2 in Stealth
   550 | D:5      | Reached skill level 2 in Shields
   550 | D:5      | Reached skill level 2 in Unarmed Combat
   550 | D:5      | Reached skill level 2 in Evocations
   558 | D:5      | Found a staircase to the Ecumenical Temple.
   600 | D:5      | Noticed a phantom
   620 | D:5      | Killed a phantom
   620 | D:5      | Reached XP level 7. HP: 39/56 MP: 7/15
   643 | Temple   | Entered the Ecumenical Temple
   675 | Temple   | Became a worshipper of Cheibriados the Contemplative
   708 | D:5      | You fall through a shaft for 2 floors!
   729 | D:7      | Reached skill level 2 in Conjurations
   729 | D:7      | Reached skill level 2 in Hexes
   729 | D:7      | Reached skill level 2 in Summonings
   729 | D:7      | Reached skill level 2 in Necromancy
   729 | D:7      | Reached skill level 2 in Translocations
   729 | D:7      | Reached skill level 2 in Transmutations
   729 | D:7      | Reached skill level 2 in Fire Magic
   729 | D:7      | Reached skill level 2 in Ice Magic
   729 | D:7      | Reached skill level 2 in Air Magic
   729 | D:7      | Reached skill level 2 in Earth Magic
   729 | D:7      | Reached skill level 2 in Poison Magic
   793 | D:6      | Noticed Menkaure
   800 | D:6      | Killed Menkaure
   800 | D:6      | Reached skill level 3 in Invocations
   879 | D:6      | Reached XP level 8. HP: 53/63 MP: 11/16
   906 | D:6      | Noticed wojtek's ghost (novice MiFi)
   908 | D:6      | HP: 4/63 [gnoll sergeant/trident (14)]
   909 | D:6      | Reached * piety under Cheibriados
   922 | D:6      | HP: 5/94 [wojtek's ghost (10)]
   924 | D:6      | HP: 1/94 [bullfrog skeleton (4)]
   925 | D:6      | Reached skill level 6 in Charms
   926 | D:6      | Slain by a bullfrog skeleton

Skill      XL: |  1  2  3  4  5  6  7  8 |
---------------+-------------------------+-----
Spellcasting   | 5 |  5.8
Invocations    | 1 2 3 |  3.1
Short Blades   | 1 2 |  2.8
Long Blades    | 1 2 |  2.8
Maces & Flails | 1 2 |  2.8
Polearms       | 1 2 |  2.8
Staves         | 1 2 |  2.8
Slings         | 1 2 |  2.8
Bows           | 1 2 |  2.8
Crossbows      | 1 2 |  2.8
Throwing       | 1 2 |  2.8
Stealth        | 1 2 |  2.8
Shields        | 1 2 |  2.8
Unarmed Combat | 1 2 |  2.8
Evocations     | 1 2 |  2.8
Conjurations   | 1 2 |  2.3
Hexes          | 1 2 |  2.3
Summonings     | 1 2 |  2.3
Necromancy     | 1 2 |  2.3
Translocations | 1 2 |  2.3
Transmutations | 1 2 |  2.3
Fire Magic     | 1 2 |  2.3
Ice Magic      | 1 2 |  2.3
Air Magic      | 1 2 |  2.3
Earth Magic    | 1 2 |  2.3
Poison Magic   | 1 2 |  2.3
Armour         | 3 |  3.9
Fighting       | 5 |  5.4
Axes           | 5 |  5.4
Dodging        | 5 |  5.4
Charms         | 6 |  6.0

Action                   |  1- 3 |  4- 6 |  7- 9 || total
-------------------------+-------+-------+-------++-------
Melee: Hand axe          |    69 |    66 |    50 ||   185
       Bite              |     3 |     4 |     7 ||    14
       Unarmed           |       |       |     4 ||     4
       Punch             |       |       |     1 ||     1
 Cast: Infusion          |     3 |       |       ||     3
       Song of Slaying   |     3 |     3 |     3 ||     9
       Shroud of Golubri |     3 |     2 |     1 ||     6
       Spectral Weapon   |     1 |     6 |     6 ||    13
       Regeneration      |     1 |     1 |     3 ||     5
  Use: Potion            |       |     4 |     5 ||     9
       Scroll            |       |     5 |       ||     5
 Stab: Sleeping          |       |     2 |       ||     2
       Distracted        |       |       |     1 ||     1
  Eat: Ration            |       |       |     1 ||     1
Armor: Leather armour    |    13 |    17 |     7 ||    37
       Skin              |       |       |    46 ||    46
Dodge: Dodged            |    61 |    44 |    42 ||   147

Table legend:
 A = Turns spent in this place as a percentage of turns spent in the entire game.
 B = Non-inter-level travel turns spent in this place as a percentage of non-inter-level travel turns spent in the entire game.
 C = Inter-level travel turns spent in this place as a percentage of turns spent in this place.
 D = Turns resting spent in this place as a percentage of non-inter-level travel turns spent in this place.
 E = Turns spent auto-exploring this place as a percentage of non-inter-level travel turns spent in this place.
 F = Non-inter-level travel turns spent in this place divided by the number of levels of this place that you've seen.
                   A       B       C       D       E      F
               +-------+-------+-------+-------+-------+----------------------
         Total | 100.0 | 100.0 |   1.1 |   0.3 |   0.0 | 114.5
       Dungeon |  93.2 |  94.2 |   0.0 |   0.3 |   0.0 | 123.3
        Temple |   6.8 |   5.8 |  15.9 |   0.0 |   0.0 |  53.0
               +-------+-------+-------+-------+-------+----------------------

Table legend:
 A = Kills in this place as a percentage of kills in entire the game.
 B = Kills by you in this place as a percentage of kills by you in the entire game.
 C = Kills by friends in this place as a percentage of kills by friends in the entire game.
 D = Other kills in this place as a percentage of other kills in the entire game.
 E = Experience gained in this place as a percentage of experience gained in the entire game.
 F = Experience gained in this place divided by the number of levels of this place that you have seen.
                   A       B       C       D       E      F
               +-------+-------+-------+-------+-------+----------------------
         Total | 100.0 | 100.0 |   N/A |   N/A | 100.0 | 158.0
       Dungeon | 100.0 | 100.0 |   N/A |   N/A | 100.0 | 180.6
               +-------+-------+-------+-------+-------+----------------------

Vault maps used:
D:1:      scummos_arrival_hexagon
D:2:      nemelex_xobeh_ov_fountains_minmay, elyvilon_altar_4, minitemple
D:3:      nicolae_tso_swordbearing_angel, serial_bayou_pond_e, minmay_surrounded
D:4:      first_ration, roderic_nine_men_s_morris
D:5:      lemuel_doored_altar, temple_doors_e, serial_co_window_serial,
          co_window_of_opportunity_a, co_window_paths_a, co_window_paths_b,
          co_window_paths_b, co_window_of_opportunity_a, co_window_paths_a,
          co_window_corner_a, co_window_paths_c, co_window_broadway_a,
          co_window_broadway_b, glass_columns_a, glass_columns_a,
          glass_columns_b, serial_shops, shop, lemuel_blue_sif_altar
D:6:      kennysheep_housing_project, lightli_ossuary_entry_decrepit_ruins,
          uniq_menkaure
D:7:      uniq_duvessa
Temple:   nicolae_temple_hex_pool
